cohdb
Replays
Latest Replays
All Replays
Popular Replays
Top Player Replays
Match Explorer
How It Works
Community
CoH3 Stats
Reddit
Sign in to upload your games and track your stats! →
Sign in with Steam
Match 42045199
Unlisted
Match 42045199
Overview
Messages
Build Orders
End
Panzerpioneer Squad
Panzerpioneer Squad
250 Light Carrier
Construct Light Support Kompanie
Panzerjäger Squad
Combat Half-tracks
Fire Support Elements
Selects Italian Infantry
le.IG 18 Support Gun Team
Pak 38 Anti-tank Gun Team
le.IG 18 Mechanized Group
Flakvierling Half-track
2.5-tonne Medical Truck
Selects Sound the Alarm
Selects Territory Booby Traps
UH|dun! ツ
Dr. CoH
Lipton
Scooby
zuikaku0302
SakAt
0
0
Comments
sign in to comment!
No comments posted yet!